 Dungeon Crawl Stone Soup version 0.17-a0-1646-geb1493d (console) character file.

314 Monkaria the Destroyer (level 6, -1/32 HPs)
             Began as a Deep Elf Conjurer on Aug 9, 2015.
             Slain by an ogre
             ... wielding a +0 giant club
              (23 damage)
             ... on level 4 of the Dungeon.
             The game lasted 00:08:58 (3194 turns).

Monkaria the Destroyer (Deep Elf Conjurer)          Turns: 3194, Time: 00:08:58

Health: -1/32      AC:  4    Str:  5    XL:     6   Next: 19%
Magic:  3/12       EV: 13    Int: 22    God:
Gold:   124        SH:  0    Dex: 15    Spells: 3 memorised, 4 levels left

rFire  . . .     SeeInvis .     (no weapon)
rCold  . . .     Clarity  .     a - +0 robe
rNeg   . . .     SustAt   .     (no shield)
rPois  .         Gourm    .     (no helmet)
rElec  .         Spirit   .     (no cloak)
rCorr  .         Warding  .     d - +0 pair of gloves
rMut   .         Stasis   .     p - +0 pair of boots (curse)
MR     +....                    (no amulet)
Stlth  ++........               k - ring of invisibility
                                s - ring of protection from magic

@: somewhat resistant to hostile enchantments, unstealthy
A: no striking features
a: Evoke Invisibility


You were on level 4 of the Dungeon.
You were not hungry.

You visited 1 branch of the dungeon, and saw 4 of its levels.

You collected 124 gold pieces.

Inventory:

Missiles
 m - 19 poisoned needles
Armour
 a - a +0 robe (worn)
 d - a +0 pair of gloves (worn)
 p - a cursed +0 pair of boots (worn)
Jewellery
 k - a ring of invisibility (right hand)
 s - a ring of protection from magic (left hand)
Magical devices
 h - a wand of confusion (11)
Scrolls
 e - a scroll of remove curse
 j - 5 scrolls of identify
 l - a scroll of magic mapping {unknown}
 t - a scroll of enchant armour {unknown}
Potions
 g - a potion of poison {unknown}
 i - 4 potions of curing
 n - 2 potions of invisibility {unknown}
 o - a potion of magic {unknown}
 r - a potion of resistance {unknown}
Books
 b - a book of Conjurations

   Spells                             Type                      Level
   a - Magic Dart                     Conjuration                  1
   b - Searing Ray                    Conjuration                  2
   c - Dazzling Spray                 Conjuration/Hexes            3
   d - Fulminant Prism                Conjuration/Hexes            4
   e - Iskenderun's Mystic Blast      Conjuration                  4
   f - Iskenderun's Battlesphere      Conjuration/Charms           5
Comestibles
 c - 2 bread rations
 f - 2 meat rations


   Skills:
 - Level 2.4 Dodging
 - Level 2.4 Stealth
 - Level 3.0 Spellcasting
 + Level 8.2 Conjurations


You had 4 spell levels left.
You knew the following spells:

 Your Spells              Type           Power        Failure   Level  Hunger
a - Magic Dart            Conj           ####         1%          1    None
b - Searing Ray           Conj           #####.       1%          2    ##.....
c - Iskenderun's Mystic   Conj           #####...     4%          4    ####...


Dungeon Overview and Level Annotations

Branches:
Dungeon (4/15)
 Temple: D:4-7

Altars:
Makhleb
Xom


Message History

Casting: Searing Ray
Confirm with . or Enter, or press ? or * to list all spells.
Aiming: Magic Dart
Press: ? - help, Shift-Dir - straight line, f - ogre
Aim: an ogre, wielding a giant club (hasn't noticed you)
The magic dart hits the ogre.
The ogre is moderately wounded.
The ogre shouts!
Casting: Magic Dart
Confirm with . or Enter, or press ? or * to list all spells.
Aiming: Searing Ray
Press: ? - help, Shift-Dir - straight line, f/p - ogre
Aim: an ogre, wielding a giant club (moderately wounded)
The searing ray hits the ogre.
The ogre is heavily wounded.
The searing ray hits the ogre.
The ogre is severely wounded.
The ogre hits you with a giant club!!
Ouch! That really hurt!
You die...

#. #.#
#.#
#.#
#.####
#....#
#..#.#
#.<#.#
#.##@#
#.##O#
#.##.#
#>....
####.#
#.#
#.#
#.#


You could see an ogre.

Vanquished Creatures
  A hound (D:3)
  Ijyb (D:3)
  Terence (D:2)
  Natasha (thrice) (D:3)
  The ghost of timbw the Skirmisher, a weakling CeFi (D:4)
  An adder (D:2)
  8 gnolls
  2 river rats (D:3)
  4 worms
  An orc (D:3)
  4 ball pythons
  4 goblins
  8 hobgoblins
  3 bats
  5 giant cockroaches
  4 giant newts
  13 kobolds
  3 quokkas
  8 rats
75 creatures vanquished.

Notes
Turn   | Place    | Note
--------------------------------------------------------------
     0 | D:1      | Monkaria the Deep Elf Conjurer began the quest for the Orb.
     0 | D:1      | Reached XP level 1. HP: 10/10 MP: 6/6
   254 | D:1      | Reached XP level 2. HP: 15/15 MP: 5/8
   393 | D:1      | Reached skill level 5 in Conjurations
   604 | D:2      | Noticed Terence
   660 | D:1      | Learned a level 2 spell: Searing Ray
   684 | D:2      | Killed Terence
   684 | D:2      | Reached XP level 3. HP: 11/19 MP: 0/9
   950 | D:2      | Reached skill level 6 in Conjurations
   954 | D:2      | Reached XP level 4. HP: 24/24 MP: 0/10
  1225 | D:2      | Learned a level 4 spell: Iskenderun's Mystic Blast
  1326 | D:2      | Found a burning altar of Makhleb.
  1412 | D:2      | Found a shimmering altar of Xom.
  1719 | D:2      | Found a faded altar to an unknown god.
  1827 | D:3      | Reached skill level 7 in Conjurations
  1827 | D:3      | Reached XP level 5. HP: 28/28 MP: 2/11
  1925 | D:3      | Noticed Natasha
  2050 | D:3      | Noticed Ijyb
  2052 | D:3      | Killed Natasha
  2094 | D:3      | Killed Ijyb
  2160 | D:3      | Noticed Natasha
  2165 | D:3      | Killed Natasha
  2208 | D:3      | Noticed Natasha
  2279 | D:3      | Killed Natasha
  2547 | D:3      | Reached skill level 8 in Conjurations
  2686 | D:3      | Reached XP level 6. HP: 32/32 MP: 7/12
  3185 | D:4      | Noticed timbw's ghost (weakling CeFi)
  3189 | D:4      | Killed timbw's ghost
  3194 | D:4      | Slain by an ogre

Vault maps used:
D:1:      saegor_arrival_simple_a
D:2:      bloody_makhleb, tgw_xom, first_bread, ecumenical_altar_2,
          moated_statue, uniq_terence
D:3:      portal_sewer_entry_b, uniq_iyjb, uniq_natasha
D:4:      serial_shops, shop

Action                   |  1- 3 |  4- 6 || total
-------------------------+-------+-------++-------
Melee: Unarmed           |     9 |    27 ||    36
 Cast: Magic Dart        |    38 |   118 ||   156
       Searing Ray       |     3 |    15 ||    18
  Use: Potion            |     1 |     2 ||     3
       Scroll            |       |     8 ||     8
  Eat: Chunk             |       |     7 ||     7
